 Dungeon Crawl Stone Soup version 0.25-a0-388-g41a7e554cb (webtiles) character file.

Game seed: 3358798959513403367, levelgen mode: deterministic

209 Borgoz the Cudgeler (level 5, 0/32 HPs)
             Began as a Gargoyle Gladiator on Jan 7, 2020.
             Slain by a worker ant (5 damage)
             ... on level 4 of the Dungeon.
             The game lasted 00:03:39 (2910 turns).

Borgoz the Cudgeler (Gargoyle Gladiator)            Turns: 2910, Time: 00:03:40

Health: 0/32       AC:  8    Str: 19    XL:     5   Next: 87%
Magic:  5/5        EV: 12    Int:  8    God:
Gold:   152        SH:  0    Dex: 11    Spells: 4/4 levels left

rFire    . . .     SeeInvis .   a - +0 flail
rCold    . . .     Gourm    .   (no shield)
rNeg     + . .     Faith    .   b - +0 leather armour
rPois    ∞         Spirit   .   c - +0 helmet
rElec    +         Reflect  .   (no cloak)
rCorr    .         Harm     .   (no gloves)
MR       .....     Rnd*Tele +   (no boots)
Stlth    ++........             j - amulet of the acrobat
HPRegen  0.10/turn              p - ring of teleportation (curse)
MPRegen  0.09/turn              m - ring of stealth

@: no status effects
A: negative energy resistance 1, electricity resistance, unbreathing,
petrification resistance, rot immunity, AC +4
a: no special abilities


You were on level 4 of the Dungeon.
You were hungry.

You visited 1 branch of the dungeon, and saw 4 of its levels.

You collected 152 gold pieces.

Inventory:

Hand Weapons
 a - a +0 flail (weapon)
Missiles
 d - a throwing net (quivered)
Armour
 b - a +0 leather armour (worn)
 c - a +0 helmet (worn)
Jewellery
 j - an amulet of the acrobat (around neck)
 m - a ring of stealth (right hand)
 p - a cursed ring of teleportation (left hand)
 t - an uncursed ring of magical power
Wands
 r - a wand of acid (11)
 u - a wand of polymorph (10)
Scrolls
 e - a scroll of blinking {unknown}
 g - 3 scrolls of teleportation {unknown}
 i - 3 scrolls of remove curse {unknown}
 k - a scroll of magic mapping {unknown}
 l - 2 scrolls of enchant weapon {unknown}
 o - 3 scrolls of identify {unknown}
Potions
 h - 2 potions of flight
 n - a potion of curing
 q - a potion of ambrosia {unknown}
 s - a potion of lignification {unknown}
 v - a potion of mutation {unknown}
 w - 2 potions of agility {unknown}
Comestibles
 f - 8 rations


   Skills:
 + Level 3.4 Fighting
 * Level 4.6 Maces & Flails
 - Level 1.7 Throwing
 + Level 2.3 Armour
 + Level 3.2 Dodging


You had 4 spell levels left.
You didn't know any spells.
Your spell library contained the following spells:

 Spells                   Type           Power        Failure   Level  Hunger
 Magic Dart               Conj           #...         45%         1    ##.....
 Blink                    Tloc           N/A          61%         2    ###....
 Call Imp                 Summ           #.......     61%         2    ###....
 Slow                     Hex            #.......     61%         2    ###....
 Conjure Flame            Conj/Fire      #.......     83%         3    ####...
 Mephitic Cloud           Conj/Pois/Air  #.......     83%         3    ####...


Dungeon Overview and Level Annotations

Branches:
Dungeon (4/15)
 Temple: D:4-7

Altars:
Fedhas
The Shining One


Innate Abilities, Weirdness & Mutations

You are resistant to torment.
Your stone body is resilient. (AC +4)
You are immune to poison.
You resist negative energy. (rN+)
You are resistant to electric shocks. (rElec)
You can survive without breathing.
You are immune to petrification.
You are immune to rotting.


Message History

You completely miss the worker ant.
The worker ant is severely wounded.
The worker ant bites you but does no damage. x2
The worker ant bites you.
* * * LOW HITPOINT WARNING * * *
You barely miss the worker ant.
The worker ant is severely wounded.
The worker ant bites you but does no damage. x2
The worker ant closely misses you.
Throwing (i - inventory)
d - 2 throwing nets (quivered)
Press: ? - help, Shift-Dir - straight line, f - worker ant
Aim: a worker ant You throw a throwing net.
The throwing net hits the worker ant.
The worker ant is caught in the net!
The worker ant bites you.
* * * LOW HITPOINT WARNING * * *
The worker ant struggles against the net.
You hit the worker ant.
The worker ant is lightly wounded.
The worker ant bites you.
You die...

..# ..# . #
######..###.#
..#.....#......
...............
.......>.......
.......a.......
#......@.......
#......a.#.#...
.....
...............
..... #.#.#.
.#..>....#.#...
..... ......
...............#
.(... ..?.#.
...###...###....
..... .)....
.... ..... ###.
####.. ......
#..# ##.#..
....... ......
#..###.. .......


You could see 2 worker ants.

Vanquished Creatures
  An ogre (D:3)
  An orc wizard (D:3)
  3 gnolls
  An ooze (D:2)
  2 leopard geckos
  9 orcs (D:3)
  4 bats
  5 giant cockroaches
  6 goblins
  3 hobgoblins
  2 jackals (D:1)
  6 kobolds
  A ball python (D:1)
  2 frilled lizards
  8 rats
54 creatures vanquished.

Notes
Turn   | Place    | Note
-------+----------+-------------------------------------------
     0 | D:1      | Borgoz the Gargoyle Gladiator began the quest for the Orb.
     0 | D:1      | Reached XP level 1. HP: 12/12 MP: 1/1
   412 | D:1      | Reached XP level 2. HP: 17/18 MP: 2/2
  1055 | D:2      | Reached skill level 1 in Armour
  1084 | D:2      | Reached XP level 3. HP: 21/22 MP: 3/3
  1480 | D:2      | Reached XP level 4. HP: 23/27 MP: 4/4
  1616 | D:2      | Found a blossoming altar of Fedhas.
  1682 | D:2      | Found a glowing golden altar of the Shining One.
  1984 | D:3      | Noticed an ogre
  2005 | D:3      | Killed an ogre
  2005 | D:3      | Reached skill level 4 in Maces & Flails
  2005 | D:3      | Reached XP level 5. HP: 32/32 MP: 5/5
  2910 | D:4      | Slain by a worker ant

Levels and vault maps discovered:
D:1:      dpeg_arrival_radiant, layout_loops_corners
D:2:      layout_rooms, nicolae_tso_carved_into_rock, fedhas_altar_4
D:3:      layout_basic
D:4:      layout_rooms, serial_glass, glass_columns_a, glass_columns_a,
          glass_columns_a, glass_columns_a, glass_columns_a, glass_columns_a,
          due_unseen_surprise, item_on_display_a, uniq_crazy_yiuf_cottage,
          uniq_blork_the_orc, uniq_robin, uniq_duvessa

Skill      XL: |  1  2  3  4 |
---------------+-------------+-----
Armour         | 1 2 |  2.3
Fighting       | 3 |  3.4
Maces & Flails | 4 |  4.6
Dodging        | 3 |  3.2
Throwing       | |  1.7

Action                   |  1- 3 |  4- 6 || total
-------------------------+-------+-------++-------
Melee: Flail             |   116 |   118 ||   234
Throw: Throwing net      |       |     2 ||     2
  Use: Potion            |       |     3 ||     3
 Stab: Held in net/web   |       |     1 ||     1
  Eat: Chunk             |     2 |     4 ||     6
Armor: Leather armour    |    62 |    47 ||   109
Dodge: Dodged            |    90 |    54 ||   144

Table legend:
 A = Non-vault XP
 B = Vault XP
 C = Vault XP percentage of total XP
 D = Non-vault monster count
 E = Vault monster count
 F = Vault count percentage of total count
                 A         B        C        D         E       F
            +---------+---------+-------+---------+---------+-------
      Total |     299 |       0 |   0.0 |      54 |       0 |   0.0
            +---------+---------+-------+---------+---------+-------
        D:1 |      53 |       0 |   0.0 |      18 |       0 |   0.0
        D:2 |      40 |       0 |   0.0 |      12 |       0 |   0.0
        D:3 |     206 |       0 |   0.0 |      24 |       0 |   0.0
            +---------+---------+-------+---------+---------+-------
